Match 24449335
Unlisted

Match 24449335
End
Engineer Squad
Construct Barracks
Selects Armored Battlegroup
Selects Veteran Crews
1⁄4-ton 4x4 Truck
Riflemen Squad
Riflemen Squad
Infantry Support Center
M1 Mortar Team
Selects Fast Deploy
Construct Motor Pool
Riflemen Squad
M8 Greyhound Armored Car
Selects M8 Scott SPG
M8 Scott SPG
Selects Field Repairs
Field Repairs
Grenade Package
FlagHeros
JESTER 689
阿瑞斯的宠儿
Bartolomeus
iceman
McVodka
0
0

Comments sign in to comment!

No comments posted yet!